Map: King's Cove LE

Players

wootwoot - Winner!

  • Race: Zerg Zerg
  • League: Diamond
  • Spawn Location: 5:00

SaTivAs

  • Race: Terran Terran
  • League: Diamond
  • Spawn Location: 11:00

VOD

Have the link to the VOD?

Description

Time

  • Played on: April 2, 2025, 6:38 p.m.
  • Length: 3:56
Show
View Real Time Build Order
Export as new Build Order

wootwoot Zerg - Winner!

Build Orders: Hatch First 

Get SALT Encoding   

  12  0:00  Drone  
  13  0:12  Overlord  
  13  0:17  Drone  
  14  0:30  Drone x2  
  16  0:48  Hatchery  
  15  0:52  Drone  
  15  0:54  Drone  
  17  0:57  Drone  
  17  1:00  Extractor  
  17  1:16  Spawning Pool  
  16  1:19  Drone  
  16  1:22  Drone  
  18  1:29  Drone  
  19  1:38  Overlord  
  19  2:03  Metabolic Boost  
  19  2:04  Queen  
  19  2:05  Queen  
  19  2:07  Zergling x2  
  24  2:12  Zergling x2  
  24  2:15  Zergling x2  
  26  2:17  Zergling x2  
  26  2:20  Zergling x2  
  28  2:26  Zergling x2  
  28  2:27  Zergling x2  
  30  2:39  Drone  
  30  2:40  Baneling Nest  
  30  2:48  Overlord  
  30  2:51  Overlord  
  30  2:59  Zergling x4  
  30  3:04  Zergling x2  
  33  3:13  Zergling x6  
  35  3:25  Baneling x5  
  35  3:26  Baneling x2  
  34  3:27  Zergling x2  
  35  3:36  Drone x2  
  37  3:42  Drone  
Show
View Real Time Build Order
Export as new Build Order

SaTivAs Terran 

Build Orders:  

Get SALT Encoding   

  12  0:00  SCV  
  13  0:12  SCV  
  14  0:18  Supply Depot  
  14  0:24  SCV  
  15  0:39  SCV  
  15  0:41  Barracks  
  16  0:46  Refinery  
  16  0:52  SCV  
  17  1:04  SCV  
  18  1:16  SCV  
  19  1:28  SCV  
  19  1:31  Reaper  
  21  1:41  Command Center  
  21  1:43  SCV  
  22  1:53  Supply Depot  
  22  1:57  SCV  
  23  2:16  Refinery  
  23  2:17  Orbital Command  
  23  2:18  Barracks Reactor  
  23  2:32  Factory  
  23  2:55  Command Center  
  23  2:56  Marine  
  24  3:02  Supply Depot  
  24  3:11  Orbital Command  
  23  3:44  Armory  
Tags
 
Matchup
TvZ
Replay Pack
B2M-Replays
Spawn Locations
Cross Positions
Add a new tag
Caveats
  • Supply blocks, unpowered buildings, or Contaminate may cause inaccurate times.
  • Supply counts are checked every 10 seconds.